 Seeded DCSS version 0.27-a0-34-gc18c9092ac (webtiles) character file.

Game seed: 3165166927895876312 (custom seed)

19 muata the Sneak (level 2, 21/26 HPs)
             Began as a Deep Dwarf Brigand on Jan 4, 2021.
             Quit the game on level 2 of the Dungeon.
             The game lasted 00:03:08 (471 turns).

muata the Sneak (Deep Dwarf Brigand)                 Turns: 471, Time: 00:03:08

Health: 21/26      AC:  3    Str: 14    XL:     2   Next: 55%
Magic:  2/2        EV: 12    Int: 11    God:
Gold:   69         SH:  0    Dex: 14    Spells: 1/1 levels left

rFire    . . .     SeeInvis .   a - +2 dagger
rCold    . . .     Faith    .   (no shield)
rNeg     . . .     Spirit   .   b - +0 robe
rPois    .         Reflect  .   (no helmet)
rElec    .         Harm     .   c - +0 cloak
rCorr    .         Rampage  .   (no gloves)
Will     .....                  (no boots)
Stlth    +++.......             (no amulet)
HPRegen  0.00/turn              (no ring)
MPRegen  0.08/turn              (no ring)

@: non-regenerating
A: damage resistance, heal wounds, sense surroundings 1, no regeneration
a: Heal Wounds


You were on level 2 of the Dungeon.
You visited 1 branch of the dungeon, and saw 2 of its levels.

You collected 69 gold pieces.

Inventory:

Hand Weapons
 a - a +2 dagger (weapon)
Missiles
 d - 8 poisoned darts
 e - 2 curare-tipped darts
 f - 6 datura-tipped darts
 i - 23 stones (quivered)
Armour
 b - a +0 robe (worn)
 c - a +0 cloak (worn)
Scrolls
 g - 3 scrolls of teleportation {unknown}
 h - 2 scrolls of identify {unknown}
Potions
 j - a potion of haste {unknown}


   Skills:
 - Level 1.7 Fighting
 + Level 2.2 Short Blades
 - Level 1.7 Throwing
 + Level 1.8 Dodging
 + Level 5.2 Stealth


You had one spell level left.
You didn't know any spells.
Your spell library was empty.

Dungeon Overview and Level Annotations

Branches:
Dungeon (1/15)

Altars:


Innate Abilities, Weirdness & Mutations

You are resistant to damage.
You can heal yourself by infusing magical energy.
You passively map a small area around you.
You do not regenerate.


Message History

The helpless rat fails to defend itself.
You impale the rat!!
You kill the rat!
You see here a rat corpse.
g - 3 scrolls labelled VYXOIKELOFF (gained 1)
A bat comes into view.
A bat is nearby!
The bat hits you but does no damage. The bat barely misses you.
You barely miss the bat. The bat closely misses you.
The bat hits you but does no damage. The bat hits you.
You hit the bat.
The bat is severely wounded.
The bat misses you. The bat hits you but does no damage.
The bat closely misses you. The bat hits you but does no damage.
You hit the bat.
You kill the bat!
Okay, then.
A hobgoblin comes into view.
Are you sure you want to abandon this character and quit the game? (Confirm with "yes".)

#.## , #.# ##.# #.##.# *,
#.## #.##.# .## #.##.# ,
## #.##.# * * # #.##.# ##
##### #.##.# * *
.###...#####.##.#####.##
,
.....#.##.......@......g,
.......##.##.###########
####.<###.##.###
.......†........# *
###.#####.#####.# #. #.#
* * #. #.# , , , #. ..# *
* ## *###


You could see a hobgoblin (asleep).

Vanquished Creatures
  A worm (D:2)
  A dart slug (D:1)
  2 bats (D:2)
  A giant cockroach (D:2)
  2 goblins
  A hobgoblin (D:2)
  A kobold (D:2)
  A quokka (D:2)
  A frilled lizard (D:1)
  4 rats
15 creatures vanquished.

Notes
Turn   | Place    | Note
-------+----------+-------------------------------------------
     0 | D:1      | muata the Deep Dwarf Brigand began the quest for the Orb.
     0 | D:1      | Reached XP level 1. HP: 19/19 MP: 1/1
   137 | D:1      | Reached skill level 5 in Stealth
   296 | D:1      | You fall into a shaft and drop 1 floor!
   323 | D:2      | Reached XP level 2. HP: 24/26 MP: 2/2
   471 | D:2      | Quit the game

Illustrated notes

Levels and vault maps discovered:
D:1:      saegor_arrival_simple_b, layout_loops_corners
D:2:      minmay_diamond_boxcup, layout_loops_ring, minmay_pentomino_q4

Skill      XL: |  1 |
---------------+----+-----
Stealth        | 5 |  5.2
Short Blades   | 2 |  2.2
Fighting       | |  1.7
Throwing       | |  1.7
Dodging        | |  1.8

Action                   || total
-------------------------++-------
Melee: Dagger            ||    41
Throw: Stone             ||     3
 Stab: Sleeping          ||     5
Armor: Robe              ||    15
Dodge: Dodged            ||    29

Table legend: (Time is in decaauts)
 A = Elapsed time spent in this place.
 B = Non-inter-level travel time spent in this place.
 C = Inter-level travel time spent in this place.
 D = Time resting spent in this place.
 E = Time spent auto-exploring this place.
 F = Levels seen in this place.
 G = Mean time per level.
                   A        B        C        D        E       F      G
               +--------+--------+--------+--------+--------+-----+--------+
         Total |    466 |    439 |     27 |      0 |    297 |   2 |  233.0 |
       Dungeon |    466 |    439 |     27 |      0 |    297 |   2 |  233.0 |
               +--------+--------+--------+--------+--------+-----+--------+

Top non-repeatable levels by time:
     D:1: 295 daAuts
     D:2: 171 daAuts
